 Dungeon Crawl Stone Soup version 0.27-a0-1136-g0b992a5a9d (webtiles) character file.

Game seed: 8601303058578019415

6 robertstho the Skirmisher (level 1, -7/27 HPs)
             Began as a Demonspawn Berserker on May 5, 2021.
             Was a Follower of Trog.
             Mangled by a gnoll
             ... wielding a +0 flail
              (12 damage)
             ... on level 2 of the Dungeon.
             The game lasted 00:00:17 (439 turns).

robertstho the Skirmisher (Demonspawn Berserker)     Turns: 439, Time: 00:00:18

Health: -7/27      AC:  2    Str: 17    XL:     1   Next: 75%
Magic:  1/1        EV: 12    Int:  8    God:    Trog [*.....]
Gold:   17         SH:  0    Dex: 12    Spells: 0/0 levels left

rFire    . . .     SeeInvis .   a - +0 falchion
rCold    . . .     Faith    .   (no shield)
rNeg     . . .     Spirit   .   b - +0 animal skin
rPois    .         Reflect  .   (no helmet)
rElec    .         Harm     .   (no cloak)
rCorr    .         Rampage  .   (no gloves)
Will     .....                  (no boots)
Stlth    ..........             (no amulet)
HPRegen  0.09/turn              (no ring)
MPRegen  0.07/turn              (no ring)

@: berserking (expiring), very quick
A: no striking features
a: Renounce Religion, Berserk


You were on level 2 of the Dungeon.
You worshipped Trog.
Trog was aware of your devotion.
You visited 1 branch of the dungeon, and saw 2 of its levels.

You collected 17 gold pieces.

Inventory:

Hand Weapons
 a - a +0 falchion (weapon)
Armour
 b - a +0 animal skin (worn)
Scrolls
 c - a scroll of identify {unknown}
Potions
 d - a potion of lignification {unknown}


   Skills:
 * Level 3.2 Fighting
 + Level 2.7 Long Blades
 * Level 1.9 Armour
 + Level 1.7 Dodging


You couldn't memorise any spells.
You didn't know any spells.
Your spell library was empty.

Dungeon Overview and Level Annotations

Branches:
Dungeon (1/15)

Altars:


Message History

2 rats come into view.
There are monsters nearby!
There are monsters nearby!
There are monsters nearby!
A gnoll comes into view. It is wielding a +0 spear.
The gnoll shouts!
You hit the rat.
The rat is moderately wounded.
A gnoll comes into view. It is wielding a +0 spear.
A gnoll comes into view. It is wielding a +0 flail.
The rat misses you.
The gnoll shouts!
You hit the rat.
You kill the rat!
Trog accepts your kill. The rat misses you.
You slash the rat!
You kill the rat!
Trog accepts your kill.
A quokka comes into view.
Unknown command.
A red film seems to cover your vision as you go berserk!
You feel yourself moving faster!
You feel mighty!
You feel a strong urge to attack something.
The gnoll hits you from afar with a +0 spear!
The gnoll misses you.
You riposte.
You hit the gnoll.
The gnoll is moderately wounded.
You slash the gnoll!
The gnoll is heavily wounded.
The gnoll hits you with a +0 spear! x2
* * * LOW HITPOINT WARNING * * *
You completely miss the gnoll.
The gnoll is heavily wounded.
The gnoll closely misses you. The gnoll misses you.
The gnoll closely misses you.
You hit the gnoll.
You kill the gnoll!
Trog accepts your kill. The gnoll hits you with a +0 flail!
You die...

# . #.
#.########
#........#
#........#
#...r....# #
#...g@g..####..
##+####.........
#.......†.......
#...............
#...............
................
#######.........
#.....)...
#.........


You could see 2 gnolls and a quokka.

Vanquished Creatures
  A gnoll (D:2)
  2 jackals (D:1)
  A quokka (D:1)
  3 rats
7 creatures vanquished.

Notes
Turn   | Place    | Note
-------+----------+-------------------------------------------
     0 | D:1      | robertstho the Demonspawn Berserker began the quest for the
                  | Orb.
     0 | D:1      | Reached XP level 1. HP: 18/18 MP: 1/1
   335 | D:1      | Found a faded altar of an unknown god.
   428 | D:1      | You fall into a shaft and drop 1 floor!
   439 | D:2      | Mangled by a gnoll

Illustrated notes

Levels and vault maps discovered:
D:1:      scummos_arrival_star, layout_loops_ring, serial_forest,
          infiniplex_forest_clump_long, infiniplex_forest_end_1,
          infiniplex_forest_lined_room_3, infiniplex_forest_lined_2,
          hellmonk_ecumenical_altar_arch_garden, serial_shops, shop_coins,
          chequers_serial_rivers_small_a, kennysheep_minor_cross
D:2:      layout_basic

Action                   || total
-------------------------++-------
Melee: Falchion          ||    17
Invok: Berserk           ||     1
Armor: Animal skin       ||     1
Dodge: Dodged            ||    15
       Rpst.: Falchion   ||     3

Table legend: (Time is in decaauts)
 A = Elapsed time spent in this place.
 B = Non-inter-level travel time spent in this place.
 C = Inter-level travel time spent in this place.
 D = Time resting spent in this place.
 E = Time spent auto-exploring this place.
 F = Levels seen in this place.
 G = Mean time per level.
                   A        B        C        D        E       F      G
               +--------+--------+--------+--------+--------+-----+--------+
         Total |    439 |    439 |      0 |      0 |    407 |   2 |  219.5 |
       Dungeon |    439 |    439 |      0 |      0 |    407 |   2 |  219.5 |
               +--------+--------+--------+--------+--------+-----+--------+

Top non-repeatable levels by time:
     D:1: 429 daAuts
     D:2: 10 daAuts
